 Dungeon Crawl Stone Soup version 0.32-a0-918-g0f22ef8d61 (webtiles) character file.

Game seed: 18344958888323220733

87 ragingrage the Shooter (level 4, -5/33 HPs)
             Began as a Coglin Hunter on Apr 12, 2024.
             Killed from afar by an orc (11 damage)
             ... with a bolt of dispelling energy
             ... on level 3 of the Dungeon.
             The game lasted 00:00:36 (1001 turns).

ragingrage the Shooter (Coglin Hunter)              Turns: 1001, Time: 00:00:37

Health: -5/33      AC:  4    Str: 11 (12) XL:     4   Next: 51%
Magic:  4/4        EV: 11    Int:  5 (8)  God:
Gold:   113        SH:  0    Dex: 18 (19) Spells: 3/3 levels left

rFire   . . .        a - +2 sling {Xue}
rCold   . . .        d - +0 sling {Umi}
rNeg    . . .        c - +0 leather armour
rPois   .            (no helmet)
rElec   .            i - +0 cloak
rCorr   .            (no gloves)
SInv    .            (no boots)
Will    .....        (amulet unavailable)
Stlth   ++           (ring unavailable)
HPRegen 0.25/turn    (ring unavailable)
MPRegen 0.09/turn    (no gizmo)

%: no passive effects
@: revving
A: off-hand wielding, slow wielding, warmup strikes, no jewellery
a: Invent Gizmo


You were on level 3 of the Dungeon.
You visited 1 branch of the dungeon, and saw 3 of its levels.

You collected 113 gold pieces.

Inventory:

Hand Weapons
 a - a +2 sling (weapon) {Xue}
 d - a +0 sling (offhand) {Umi}
Armour
 c - a +0 leather armour (worn)
 i - a +0 cloak (worn)
Scrolls
 b - a scroll of butterflies
 e - 2 scrolls of teleportation {unknown}
 f - 4 scrolls of identify {unknown}
 j - a scroll of silence {unknown}


   Skills:
 - Level 2.0 Fighting
 + Level 4.9 Ranged Weapons
 - Level 1.7 Dodging
 - Level 2.0 Stealth


You had 3 spell levels left.
You didn't know any spells.
Your spell library was empty.

Dungeon Overview and Level Annotations

Branches:
Dungeon (3/15)

Altars:

Annotations:
D:3 1 runed translucent door


Innate Abilities, Weirdness & Mutations

You can wield a second weapon in your off-hand.
It takes a long time for you to wield or remove held weapons.
Your first few attacks do less damage.
You cannot equip rings or amulets.


Message History

An orc comes into view. It is wielding a +0 club.
An orc is nearby!
An orc is nearby!
You are too injured to fight recklessly!
You are too injured to fight recklessly!
You are too injured to fight recklessly!
Fire: a) +2 sling {Xue}
Press: ? - help, Q - select action Shift-Dir - straight line, f - orc
Aim: an orc, wielding a +0 club (wandering, hasn't noticed you, 64% to hit)
You shoot a sling bullet.
The sling bullet closely misses the orc.
You shoot a sling bullet. The sling bullet barely misses the orc.
The orc shouts!
An orc comes into view. It is wielding a +0 whip.
Fire: a) +2 sling {Xue}
Press: ? - help, Q - select action Shift-Dir - straight line, f - orc
Aim: an orc, wielding a +0 whip and wearing a +0 leather armour (wandering, hasn't noticed you, 64% to hit)
You shoot a sling bullet. The orc shouts!
The sling bullet hits the orc but does no damage.
You shoot a sling bullet. The sling bullet hits the orc.
An orc comes into view.
It is wielding a +0 club and carrying a wand of quicksilver.
Fire: a) +2 sling {Xue}
Press: ? - help, Q - select action Shift-Dir - straight line, f/p - orc
Aim: an orc, wielding a +0 whip and wearing a +0 leather armour (moderately wounded, 64% to hit)
You shoot a sling bullet. The orc shouts!
The sling bullet hits the orc but does no damage.
You shoot a sling bullet.
The sling bullet closely misses the orc.
You hear a shout!
The orc zaps a wand.
The bolt of dispelling energy misses the orc.
The bolt of dispelling energy hits you!
* * * LOW HITPOINT WARNING * * *
The orc zaps a wand.
The bolt of dispelling energy misses the orc.
The bolt of dispelling energy hits you!
You die...

# ####.###..
#.##........
..........#
..........#
#......#
##.!...)##
#..).##<.#
.....#†####.#
.### #@# ...
#....o..o..
#..##...o....
~+... #......
..#....
.o....
####..###
...... .### .


You could see an orc wizard and 2 orcs.

Vanquished Creatures
  3 adders
  4 dart slugs
  8 ball pythons
  6 endoplasms
  A giant cockroach (D:2)
  8 goblins
  2 hobgoblins (D:2)
  3 jackals (D:1)
  2 quokkas (D:2)
  2 bats
  4 frilled lizards
  3 kobolds
  3 rats (D:1)
49 creatures vanquished.

Notes
Turn   | Place    | Note
-------+----------+-------------------------------------------
     0 | D:1      | ragingrage the Coglin Hunter began the quest for the Orb.
     0 | D:1      | Reached XP level 1. HP: 16/16 MP: 1/1
    38 | D:1      | Reached skill level 1 in Stealth
    50 | D:1      | Reached XP level 2. HP: 22/22 MP: 2/2
   185 | D:1      | Reached skill level 4 in Ranged Weapons
   337 | D:1      | Reached XP level 3. HP: 27/27 MP: 3/3
   689 | D:2      | Reached XP level 4. HP: 33/33 MP: 4/4
   958 | D:3      | Found a runed translucent door.
  1001 | D:3      | Killed from afar by an orc

Illustrated notes

Levels and vault maps discovered:
D:1:      giann_forest_graveyard, layout_rooms, nicolae_figureground_sparkle
D:2:      layout_rooms, serial_park_tiny_pond, minmay_misc_feat_alley
D:3:      layout_rooms, mainiacjoe_overflow_alcove_2,
          ebering_ghost_reflecting_pool, serial_shops, nicolae_square_shop

Skill      XL: |  1  2  3 |
---------------+----------+-----
Stealth        | 1 2 |  2.0
Ranged Weapons | 4 |  4.9
Fighting       | |  2.0
Dodging        | |  1.7

Action                     |  1- 3 |  4- 6 || total
---------------------------+-------+-------++-------
   Fire: Sling             |   138 |    44 ||   182
    Use: Potion            |       |     2 ||     2
 Armour: Leather armour    |     1 |    23 ||    24
  Dodge: Dodged            |     4 |     3 ||     7

Table legend: (Time is in decaauts)
 A = Elapsed time spent in this place.
 B = Non-inter-level travel time spent in this place.
 C = Inter-level travel time spent in this place.
 D = Time resting spent in this place.
 E = Time spent auto-exploring this place.
 F = Levels seen in this place.
 G = Mean time per level.
                   A        B        C        D        E       F      G
               +--------+--------+--------+--------+--------+-----+--------+
         Total |   1021 |    961 |     60 |     29 |    758 |   3 |  340.3 |
       Dungeon |   1021 |    961 |     60 |     29 |    758 |   3 |  340.3 |
               +--------+--------+--------+--------+--------+-----+--------+

Top non-repeatable levels by time:
     D:2: 495 daAuts
     D:1: 470 daAuts
     D:3: 54 daAuts
